 Dungeon Crawl Stone Soup version 0.31.0-11-ge490571c62 (webtiles) character file.

Game seed: 5612929324598959553

3557 ces the Skirmisher (level 9, -1/44 HPs)
             Began as a Spriggan Hunter on Jan 29, 2024.
             Was an Initiate of Gozag.
             Killed from afar by a steam dragon (20 damage)
             ... with a ball of steam
             ... on level 8 of the Dungeon.
             The game lasted 00:17:40 (9875 turns).

ces the Skirmisher (Spriggan Hunter)                Turns: 9875, Time: 00:17:41

Health: -1/44      AC:  3    Str:  7    XL:     9   Next: 83%
Magic:  19/19      EV: 21    Int: 11    God:    Gozag
Gold:   1561       SH:  0    Dex: 22    Spells: 8/8 levels left

rFire   . . .        a - +2 orcbow
rCold   + + .        (shield currently unavailable)
rNeg    . . .        n - +1 robe {rC+}
rPois   .            (helmet restricted)
rElec   .            (no cloak)
rCorr   .            (gloves unavailable)
SInv    +            (boots unavailable)
Will    +....        (no amulet)
Stlth   +++          g - ring of magical power
HPRegen 0.27/turn    o - ring of protection from cold
MPRegen 0.16/turn

%: no passive effects
@: hasted, very quick
A: very small, no large weapons, unfitting armour, see invisible, speed 3
a: Renounce Religion, Potion Petition, Call Merchant, Bribe Branch


You were on level 8 of the Dungeon.
You worshipped Gozag.
Gozag was most pleased with you.
You visited 2 branches of the dungeon, and saw 9 of its levels.

You collected 1630 gold pieces.
You paid 69 gold pieces to Gozag.

Inventory:

Hand Weapons
 a - a +2 orcbow (weapon)
 b - a +1 dagger of electrocution
Missiles
 j - a throwing net
Armour
 n - a +1 robe of cold resistance (worn)
Jewellery
 g - a ring of magical power (left hand)
 o - a ring of protection from cold (right hand)
Wands
 c - a wand of acid (7)
 s - a wand of flame (14)
Scrolls
 d - 3 scrolls of teleportation
 f - a scroll of enchant armour {unknown}
 i - a scroll of identify
 l - a scroll of noise
 m - a scroll of acquirement {unknown}
 r - a scroll of revelation {unknown}
 t - a scroll of enchant weapon
Potions
 q - 2 potions of might


   Skills:
 + Level 3.0 Fighting
 * Level 13.4 Ranged Weapons
 + Level 5.4 Dodging
 + Level 5.0 Stealth


You had 8 spell levels left.
You didn't know any spells.
Your spell library contained the following spells:

 Spells                   Type           Power      Damage    Failure   Level
 Sandblast                Erth           0%         2d4       34%         1
 Fugue of the Fallen      Necr           0%         N/A       71%         3
 Ozocubu's Armour         Ice            0%         N/A       71%         3
 Passwall                 Erth           0%         N/A       71%         3
 Stone Arrow              Conj/Erth      0%         3d7       71%         3
 Brom's Barrelling Bould  Conj/Erth      0%         2d3       98%         4
 Manifold Assault         Tloc           0%         N/A       98%         4


Dungeon Overview and Level Annotations

Branches:
Dungeon (8/15)             Temple (1/1) D:7
   Lair: D:8-11

Altars:
Ashenzari
Cheibriados
Dithmenos
Elyvilon
Fedhas
Gozag
Hepliaklqana
Kikubaaqudgha
Makhleb
Nemelex Xobeh
Okawaru
Qazlal
Ru
Sif Muna
Trog
Uskayaw
Vehumet
Wu Jian
Xom
Yredelemnul
Zin
The Shining One


Innate Abilities, Weirdness & Mutations

You are very small and have problems with some larger weapons.
You are too small for most types of armour.
You have supernaturally acute eyesight. (SInv)
You cover ground extremely quickly. (Speed+++)


Message History

As you read the scroll of fog, it dissolves into smoke.
Okay, then.
Found 3 stones.
The steam dragon attacks as it pursues you!
The steam dragon bites you. The steam dragon barely misses you.
What are your orders? t - Shout!
Orders for allies: a - Attack new target. p - Attack previous target. r - Retreat! s - Stop attacking. g - Guard the area. f - Follow me.
Anything else - Cancel.
Okay, then.
Found a scroll of identify.
A wight comes into view. It is wielding a +0 long sword.
Aiming: Corrosive Bolt
Press: ? - help, Shift-Dir - straight line, f/p - steam dragon
Aim: a steam dragon (71% to hit)
The bolt of acid hits the steam dragon!
The acid corrodes the steam dragon!
The steam dragon is moderately wounded.
Aiming: Corrosive Bolt
Press: ? - help, Shift-Dir - straight line, f/p - steam dragon
Aim: a steam dragon (moderately wounded, covered in acid, 71% to hit)
The bolt of acid misses the steam dragon.
The steam dragon breathes steam at you. The ball of steam hits you!
Aiming: Corrosive Bolt
Press: ? - help, Shift-Dir - straight line, f - you
Okay, then.
You feel better.
You are engulfed in a cloud of scalding steam. 2 wights come into view.
A wight is wielding a +5 scimitar of freezing.
A wight comes into view.
It is wielding a +3 hand axe of freezing.
Okay, then.
It was a potion of haste.
You feel yourself speed up.
It was a potion of magic.
Magic courses through your body. The steam dragon breathes steam at you.
The ball of steam hits you!!
You die...
Your body crumbles into a pile of gold.

##..... ###
#~.~.z. .....#
#.z.~.. .....#
#..~.~ ....#
#...z. ....#
#..z. ...#
##...######.##
#..?.@§§D§D.(##
#..########..[#
# .......#..#
######.#..#
#.#D.# #
#.#.§##.#
#.#§§§§.#
#.#§§####
#####.#§§#


You could see 4 wights.

Vanquished Creatures
  Sigmund (D:4)
  A steam dragon (D:6)
  2 water moccasins
  2 sky beasts
  3 ice beasts
  2 ogres (D:5)
  3 centaurs
  A kobold brigand (D:8)
  3 bullfrogs
  A gnoll sergeant (D:6)
  5 scorpions
  6 killer bees (D:7)
  7 hounds
  3 jellies
  A bombardier beetle (D:5)
  2 gnoll boudas
  4 orc priests
  2 iguanas
  14 orc wizards
  20 gnolls
  An adder (D:5)
  2 white imps
  2 ufetubi (D:6)
  A ribbon worm (D:3)
  4 dart slugs
  33 orcs
  10 endoplasms
  5 giant cockroaches
  11 goblins
  5 hobgoblins
  6 jackals
  7 kobolds
  11 quokkas
  9 ball pythons
  7 bats
  A frilled lizard (D:1)
  4 rats
  A butterfly (D:7)
203 creatures vanquished.

Notes
Turn   | Place    | Note
-------+----------+-------------------------------------------
     0 | D:1      | ces the Spriggan Hunter began the quest for the Orb.
     0 | D:1      | Reached XP level 1. HP: 10/10 MP: 2/2
    86 | D:1      | Reached XP level 2. HP: 15/15 MP: 3/3
   359 | D:1      | Reached XP level 3. HP: 18/18 MP: 4/4
   557 | D:2      | Found an opulent altar of Gozag.
   602 | D:2      | Became a worshipper of Gozag Ym Sagoz the Greedy
  1037 | D:3      | Reached XP level 4. HP: 16/23 MP: 5/5
  1177 | D:3      | Reached skill level 5 in Ranged Weapons
  1612 | D:3      | Found an opulent altar of Gozag.
  1784 | D:4      | Reached XP level 5. HP: 23/26 MP: 6/6
  1931 | D:4      | Reached skill level 6 in Ranged Weapons
  1986 | D:4      | Found an iron altar of Okawaru.
  2098 | D:4      | Found a shadowy altar of Dithmenos.
  2099 | D:4      | Noticed Sigmund
  2175 | D:4      | Reached XP level 6. HP: 30/30 MP: 7/7
  2301 | D:4      | Killed Sigmund
  2302 | D:4      | Reached skill level 7 in Ranged Weapons
  2404 | D:5      | Entered Level 5 of the Dungeon
  2466 | D:5      | Reached XP level 7. HP: 35/35 MP: 8/8
  2505 | D:5      | You fall into a shaft and drop 2 floors!
  2599 | D:7      | Reached skill level 8 in Ranged Weapons
  3458 | D:7      | Found a staircase to the Ecumenical Temple.
  3481 | Temple   | Entered the Ecumenical Temple
  3888 | D:6      | Reached skill level 9 in Ranged Weapons
  3928 | D:6      | Noticed a steam dragon
  4121 | D:6      | Reached XP level 8. HP: 39/39 MP: 9/9
  4288 | D:5      | Reached skill level 10 in Ranged Weapons
  5055 | D:5      | Reached skill level 11 in Ranged Weapons
  5589 | D:5      | Reached skill level 12 in Ranged Weapons
  5589 | D:5      | Reached XP level 9. HP: 42/42 MP: 10/10
  8402 | D:7      | Reached skill level 13 in Ranged Weapons
  8911 | D:7      | Reached skill level 5 in Dodging
  9839 | D:8      | Reached skill level 5 in Stealth
  9875 | D:8      | Killed from afar by a steam dragon

Illustrated notes

Levels and vault maps discovered:
D:1:      dpeg_arrival_simpleton_b, layout_basic, minmay_fountain_box,
          minmay_tromino_i4
D:2:      layout_rooms, basic_altar, minmay_gold_behind_fungi
D:3:      layout_loops_ring, grunt_gozag_breadcrumbs
D:4:      layout_cave_pools, nicolae_dithmenos_the_darkroom,
          kennysheep_okawaru_gauntlet, uniq_sigmund
D:5:      layout_basic
D:6:      layout_layer_cave, grunt_ministairs_7
D:7:      layout_layer_cave, minmay_temple_entry_butterflies,
          kennysheep_generic_room_8
D:8:      layout_loops_cross, enter_bailey_3, nicolae_custom_books,
          chequers_serial_rivers_micro_c, minivault_21
Temple:   nicolae_temple_bog_church

Skill      XL: |  1  2  3  4  5  6  7  8  9 |
---------------+----------------------------+-----
Stealth        | 2 5 |  5.0
Dodging        | 3 4 5 |  5.4
Fighting       | 2 3 |  3.0
Ranged Weapons | 5 6 7 9 12 13 | 13.4

Action                     |  1- 3 |  4- 6 |  7- 9 || total
---------------------------+-------+-------+-------++-------
   Fire: Shortbow          |   128 |   168 |   481 ||   777
         Orcbow            |       |       |   147 ||   147
  Evoke: Wand              |       |     2 |     5 ||     7
    Use: Scroll            |     1 |       |    11 ||    12
         Potion            |       |       |     9 ||     9
 Armour: Robe              |    16 |    12 |    98 ||   126
  Dodge: Dodged            |    34 |    51 |   209 ||   294
